[Event "*** SCC Grand Prix: Titled Tuesday Blitz"]
[Site "Chess.com"]
[Date "2020.07.21"]
[Round "1"]
[White "RubensCezila"]
[Black "1d4_1-0"]
[Result "1-0"]
[WhiteElo "2548"]
[BlackElo "2149"]
[TimeControl "180+1"]
[EndTime "10:06:07 PDT"]
[Termination "RubensCezila won by resignation"]

1. c4 e6 2. Nc3 Nf6 3. Nf3 c5 4. e3 d5 5. cxd5 exd5 6. d4 Nc6 7. dxc5 Bxc5 8. Be2 O-O 9. O-O d4 10. exd4 Nxd4 11. Nxd4 Bxd4 12. Bf3 Bf5 13. Qb3 Be6 14.
Qxb7 Rb8 15. Qa6 Qb6 16. Qxb6 Rxb6 17. Rd1 Be5 18. Re1 Bd4 19. a4 Rc8 20. Nb5 Bc5 21.
Nxa7 Rb3 22. Nb5 Bb4 23. Rd1 h6 24. a5 Bc5 25. Nd4 Rb4 26. Nxe6 fxe6 27. a6 Nd5 28.
a7 Ra8 29. Rxd5 Bxa7 30. Rda5 1-0

[Event "*** SCC Grand Prix: Titled Tuesday Blitz"]
[Site "Chess.com"]
[Date "2020.07.21"]
[Round "1"]
[White "Batsai"]
[Black "bascheyaro"]
[Result "0-1"]
[WhiteElo "2364"]
[BlackElo "2721"]
[TimeControl "180+1"]
[EndTime "10:06:10 PDT"]
[Termination "bascheyaro won by resignation"]

1. d4 d5 2. c4 c6 3. Nc3 Nf6 4.
Nf3 g6 5. Bg5 Bg7 6. e3 O-O 7.
Bd3 a6 8. a4 Bg4 9. h3 Bxf3 10.
Qxf3 e6 11. O-O Nbd7 12. Bf4 dxc4 13. Bxc4 Nd5 14. Bd6 Re8 15. Nxd5 exd5 16. Bd3 Qf6 17. Qxf6 Bxf6 18. b4 Be7 19. Bxe7 Rxe7 20. Rab1 Nb6 21.
b5 cxb5 22. axb5 a5 23. Rfc1 a4 24. Ra1 Ra5 25. Ra3 f5 26. g3 Kf7 27. Kf1 Ke6 28.
Ke2 Kd6 29. Kd2 Ra8 30. Rc5 Ree8 31. g4 fxg4 32. hxg4 Rec8 33. Rcc3 Rxc3 34. Kxc3 Rf8 35.
f4 h5 36. Bxg6 hxg4 37. Ra2 Nc4 38. Kd3 a3 39. f5 g3 40. Rg2 Ra8 41. e4 a2 42. e5+ Nxe5+ 43. dxe5+ Kxe5 44. Rxa2 Rxa2 45. Ke3 g2 46. Kf3 g1=Q 0-1

[Event "*** SCC Grand Prix: Titled Tuesday Blitz"]
[Site "Chess.com"]
[Date "2020.07.21"]
[Round "1"]
[White "Agent-JL"]
[Black "Fandorine"]
[Result "0-1"]
[WhiteElo "2446"]
[BlackElo "2938"]
[TimeControl "180+1"]
[EndTime "10:06:11 PDT"]
[Termination "Fandorine won by resignation"]

1. d4 Nf6 2. c4 g6 3. Nc3 Bg7 4. e4 d6 5. Nf3 O-O 6. Be2 c5 7. d5 e6 8. O-O Na6 9. Re1 e5 10. Rf1 Bd7 11. Ne1 h5 12. Nd3 Qe7 13. Bg5 Qe8 14.
a3 Nh7 15. Be3 Qe7 16. Qd2 b6 17. Rae1 Rae8 18. f4 Bh6 19. f5 Bxe3+ 20. Qxe3 Qg5 21. Qxg5 Nxg5 22. h4 Nh7 23. f6 Rb8 24. b4 Nc7 25. b5 Ne8 26. a4 Nexf6 27. a5 Bg4 28. Bxg4 Nxg4 29. Ra1 f5 30. axb6 axb6 31. Rfe1 Nhf6 32. Ra6 Rf7 33. exf5 gxf5 34. Na4 Nd7 35. Ra7 Kg7 36. Nf2 e4 37. Kf1 Nde5 38. Rxf7+ Kxf7 39. Rc1 Nxf2 0-1

[Event "*** SCC Grand Prix: Titled Tuesday Blitz"]
[Site "Chess.com"]
[Date "2020.07.21"]
[Round "1"]
[White "biostatistician"]
[Black "Killertoy"]
[Result "0-1"]
[WhiteElo "2560"]
[BlackElo "2235"]
[TimeControl "180+1"]
[EndTime "10:06:11 PDT"]
[Termination "Killertoy won on time"]

1. d4 f5 2. Nf3 Nf6 3. g3 g6 4.
Bg2 Bg7 5. O-O O-O 6. b4 d6 7.
Bb2 c6 8. Nbd2 a5 9. a3 axb4 10. axb4 Rxa1 11. Qxa1 Qc7 12. c4 Na6 13. Bc3 Ne4 14. Nxe4 fxe4 15. Ng5 d5 16. b5 Nb8 17. cxd5 cxd5 18. Rc1 h6 19. Nh3 g5 20. Ba5 Qd7 21.
Rc7 Qxb5 22. Rc5 Qxe2 23. Rxd5 Nc6 24. Bc3 Bxh3 25. Bxh3 Qxf2+ 26. Kh1 Qf3+ 27. Bg2 Qd3 28. Rd7 b5 29. Qe1 b4 30. Bb2 Nxd4 0-1

[Event "*** SCC Grand Prix: Titled Tuesday Blitz"]
[Site "Chess.com"]
[Date "2020.07.21"]
[Round "1"]
[White "Klavdia_Nik"]
[Black "SARGISMV"]
[Result "0-1"]
[WhiteElo "2037"]
[BlackElo "2502"]
[TimeControl "180+1"]
[EndTime "10:06:12 PDT"]
[Termination "SARGISMV won on time"]

1. Nf3 Nf6 2. c4 c5 3. d4 cxd4 4. Nxd4 e5 5. Nb5 d5 6. cxd5 Bc5 7. e3 O-O 8. Be2 e4 9. N1c3 Re8 10. O-O Bf5 11. Nd4 Bg6 12. Nb3 Bd6 13. Nb5 Be5 14. a4 a6 15. Nc3 Nbd7 16. a5 h5 17. Nd2 Rc8 18. Nc4 Bb8 19. Qb3 Nc5 20. Qa3 Nxd5 21. Nxd5 Qxd5 22. Nb6 Qe5 23. g3 Rcd8 24. Rb1 h4 25. b4 Nd3 26. Nc4 Qe6 27. Nd2 Qh3 28. Qb3 hxg3 29. fxg3 Bxg3 30. hxg3 Qxg3+ 31. Kh1 Qh3+ 32. Kg1 Qxe3+ 0-1

[Event "*** SCC Grand Prix: Titled Tuesday Blitz"]
[Site "Chess.com"]
[Date "2020.07.21"]
[Round "1"]
[White "BeanScreen"]
[Black "MacDaddyMac"]
[Result "0-1"]
[WhiteElo "2700"]
[BlackElo "2377"]
[TimeControl "180+1"]
[EndTime "10:06:13 PDT"]
[Termination "MacDaddyMac won by resignation"]

1. e4 e6 2. d4 d5 3. Nc3 Nf6 4. Bg5 dxe4 5. Nxe4 Be7 6. Bxf6 gxf6 7. Nf3 a6 8. Qe2 b5 9. O-O-O Bb7 10. Kb1 f5 11. Ng3 Qd5 12. Ne5 Nd7 13. Nxd7 Qxd7 14. d5 Bxd5 15. Qe5 O-O-O 16. Be2 Bd6 17. Qd4 Bb7 18. Qa7 Qc6 19. Bf3 Qb6 20. Bxb7+ Qxb7 21. Qd4 Bxg3 22.
Qf6 Bd6 23. Qxf7 Qe4 24. Rhe1 Qc4 25. b3 Qg4 26. Qxe6+ Kb8 27. g3 Rde8 28. Qd5 Rxe1 29. Rxe1 Qb4 30. Re3 Rd8 31. Qxf5 Bc5 32. Rd3 Rxd3 33.
Qxd3 Bxf2 34. Qd8+ Kb7 35. Qd5+ Ka7 36. Qd7 Qe1+ 37. Kb2 Qe5+ 38. Kb1 Bd4 39. c3 Qe1+ 40. Kc2 Qxc3+ 41. Kd1 Qd3+ 0-1

[Event "*** SCC Grand Prix: Titled Tuesday Blitz"]
[Site "Chess.com"]
[Date "2020.07.21"]
[Round "1"]
[White "DishonorOnYourCow"]
[Black "frederiksvane"]
[Result "0-1"]
[WhiteElo "2328"]
[BlackElo "2670"]
[TimeControl "180+1"]
[EndTime "10:06:14 PDT"]
[Termination "frederiksvane won by resignation"]

1. d4 Nf6 2. c4 e6 3. Nf3 d5 4. Nc3 Be7 5. Bf4 O-O 6. e3 Nbd7 7. Bd3 c5 8. cxd5 exd5 9. O-O a6 10. dxc5 Nxc5 11.
Bc2 Bg4 12. h3 Bh5 13. Bg5 Rc8 14. Bxf6 Bxf6 15. Qxd5 Bxc3 16. Bxh7+ Kxh7 17. Qxh5+ Kg8 18. bxc3 Ne6 19. Rad1 Qe7 20. Ne5 Rc5 21. f4 Rd8 22. Rxd8+ Nxd8 23. Rd1 f6 24. Ng6 Qxe3+ 25. Kh2 Rxh5 26.
Rxd8+ Kf7 27. f5 Rxf5 28. Nh8+ Ke7 29. Rg8 Qe5+ 0-1

[Event "*** SCC Grand Prix: Titled Tuesday Blitz"]
[Site "Chess.com"]
[Date "2020.07.21"]
[Round "1"]
[White "Alindsay211"]
[Black "Korchmar_Vasiliy"]
[Result "0-1"]
[WhiteElo "2298"]
[BlackElo "2637"]
[TimeControl "180+1"]
[EndTime "10:06:14 PDT"]
[Termination "Korchmar_Vasiliy won by resignation"]

1. Nf3 d5 2. d4 Nf6 3. Bf4 c5 4.
c3 Nc6 5. e3 Qb6 6. Na3 a6 7.
Rb1 Bf5 8. Bd3 Bxd3 9. Qxd3 e6 10. h3 c4 11. Qd1 Bxa3 12. bxa3 Qa5 13. Rxb7 Qxc3+ 14. Qd2 Qa1+ 15. Qd1 Qc3+ 16. Qd2 Qxa3 17. O-O O-O 18. Rfb1 Ne4 19. Qc2 a5 20. Ne5 Nb4 21.
Qe2 Qxa2 22. Qd1 Nc3 0-1

[Event "*** SCC Grand Prix: Titled Tuesday Blitz"]
[Site "Chess.com"]
[Date "2020.07.21"]
[Round "1"]
[White "S2PAc"]
[Black "jaskol95"]
[Result "1-0"]
[WhiteElo "2786"]
[BlackElo "2397"]
[TimeControl "180+1"]
[EndTime "10:06:15 PDT"]
[Termination "S2PAc won on time"]

1. d4 Nf6 2. g3 g6 3. Bg2 c6 4. e4 d5 5. e5 Nfd7 6. h4 h5 7. e6 Nf6 8. exf7+ Kxf7 9. Nf3 Bf5 10. O-O Kg7 11. Re1 Nbd7 12. Ng5 Nh7 13. Ne6+ Bxe6 14. Rxe6 Ndf6 15. Nd2 Kf7 16. Bh3 Bg7 17. Qe2 Re8 18.
Nf3 Nf8 19. Ng5+ Kg8 20. Bf4 Ne4 21. Nxe4 dxe4 22. Rxe4 a5 23. Re1 e6 24. c3 Qd7 25.
Bxe6+ Nxe6 26. Rxe6 Kf7 27. Re4 Rxe4 28. Qxe4 1-0

[Event "*** SCC Grand Prix: Titled Tuesday Blitz"]
[Site "Chess.com"]
[Date "2020.07.21"]
[Round "1"]
[White "Revnov"]
[Black "Kolle05"]
[Result "1-0"]
[WhiteElo "2725"]
[BlackElo "2369"]
[TimeControl "180+1"]
[EndTime "10:06:15 PDT"]
[Termination "Revnov won by resignation"]

1. e4 c5 2. Nf3 d6 3. d4 cxd4 4. Nxd4 Nf6 5. Nc3 a6 6. Nb3 Nc6 7. Be2 e6 8. g4 Be7 9. g5 Nd7 10.
h4 b5 11. a3 Bb7 12. Be3 Rc8 13. f4 Na5 14. Nxa5 Qxa5 15. Qd2 Qc7 16. O-O-O Nb6 17. Kb1 Nc4 18. Bxc4 Qxc4 19. Bd4 O-O 20. h5 Rfd8 21. g6 e5 22. gxf7+ Kf8 23. Bb6 Bxe4 24. Bxd8 Rxd8 25. Nxe4 Qxe4 26. fxe5 dxe5 27. Qf2 Rxd1+ 28. Rxd1 Bf6 29. Qa7 Be7 30. Rf1 Qe2 31. Qb8+ 1-0

[Event "*** SCC Grand Prix: Titled Tuesday Blitz"]
[Site "Chess.com"]
[Date "2020.07.21"]
[Round "1"]
[White "Th3_Hound"]
[Black "PawnEatingZombie"]
[Result "1-0"]
[WhiteElo "2594"]
[BlackElo "2244"]
[TimeControl "180+1"]
[EndTime "10:06:15 PDT"]
[Termination "Th3_Hound won on time"]

1. e4 c6 2. d4 d5 3. e5 Bf5 4. Nf3 e6 5. Be2 Nd7 6. O-O Bg6 7. Nbd2 Nh6 8. Nb3 Nf5 9. Bd2 Be7 10. g4 Nh6 11. h3 Ng8 12. Kg2 h5 13. Nh2 hxg4 14. hxg4 Nh6 15. f4 Be4+ 16. Bf3 Bxf3+ 17. Qxf3 Qc7 18. f5 O-O-O 19. Rh1 Kb8 20. Rae1 Ka8 21. c3 c5 22. Nf1 Qb6 23. Bc1 Rc8 24. f6 Bf8 25. g5 gxf6 26. gxh6 fxe5 27. Qxf7 Bxh6 28.
Rxh6 Rxh6 29. Bxh6 1-0

[Event "*** SCC Grand Prix: Titled Tuesday Blitz"]
[Site "Chess.com"]
[Date "2020.07.21"]
[Round "1"]
[White "GOGIEFF"]
[Black "ljuks68"]
[Result "1-0"]
[WhiteElo "2898"]
[BlackElo "2440"]
[TimeControl "180+1"]
[EndTime "10:06:16 PDT"]
[Termination "GOGIEFF won on time"]

1. d4 d5 2. c4 c6 3. Nc3 Nf6 4. Nf3 dxc4 5. a4 Bf5 6. e3 e6 7. Bxc4 Bb4 8. O-O Nbd7 9. Qe2 O-O 10. e4 Bg4 11. Bf4 Qa5 12. h3 Bxf3 13. Qxf3 e5 14. dxe5 Nxe5 15. Qe2 Rae8 16. Bb3 Ng6 17. Bd2 Qe5 18.
f4 Qh5 19. Qxh5 Nxh5 20. e5 Ng3 21. Rfe1 Bxc3 22. bxc3 Nh4 23. Be3 Nhf5 24. Bc5 Rd8 25. Bxf8 Kxf8 26. Rad1 Rxd1 27. Rxd1 Ke7 28. Re1 1-0

[Event "*** SCC Grand Prix: Titled Tuesday Blitz"]
[Site "Chess.com"]
[Date "2020.07.21"]
[Round "1"]
[White "chalowey97"]
[Black "davidkalashian"]
[Result "0-1"]
[WhiteElo "2124"]
[BlackElo "2528"]
[TimeControl "180+1"]
[EndTime "10:06:16 PDT"]
[Termination "davidkalashian won by resignation"]

1. d4 Nf6 2. Nf3 e6 3. e3 b6 4. Bd3 Bb7 5. Nbd2 c5 6. b3 Be7 7. Bb2 O-O 8. O-O cxd4 9. exd4 a6 10. c4 d6 11. Qe2 Nbd7 12. Rac1 Re8 13. Rfd1 Nf8 14. h3 Ng6 15. Qe3 Qc7 16. Qg5 Ne4 17. Qe3 Nxd2 18. Rxd2 Bf6 19. Bb1 Rac8 20. Rcd1 b5 21. Rc2 bxc4 22. bxc4 Qd7 23. c5 Bd5 24. cxd6 Qxd6 25. Rdc1 Rxc2 26. Rxc2 Nf4 27. Ba3 Qb8 28.
Rb2 Qc7 29. Rc2 Qa5 30. Bc5 Qb5 31. Rc1 Ne2+ 32. Kh2 Nxc1 33. Qxc1 Bxf3 34. g3 Ba8 0-1

[Event "*** SCC Grand Prix: Titled Tuesday Blitz"]
[Site "Chess.com"]
[Date "2020.07.21"]
[Round "1"]
[White "MihailNik"]
[Black "Logman74"]
[Result "1-0"]
[WhiteElo "2669"]
[BlackElo "2328"]
[TimeControl "180+1"]
[EndTime "10:06:17 PDT"]
[Termination "MihailNik won on time"]

1. e4 c5 2. Nf3 d6 3. d4 cxd4 4. Nxd4 Nf6 5. Nc3 a6 6. Bg5 e6 7. f4 Be7 8. Qf3 Qc7 9. O-O-O Nbd7 10. Bd3 Nc5 11. Rhe1 O-O 12. Kb1 Rb8 13. e5 dxe5 14.
fxe5 Ne8 15. Bxe7 Qxe7 16. Ne4 Nxd3 17. Rxd3 b5 18. Nc6 Qb7 19. Nxb8 Qxb8 20. Qg3 Bb7 21. Nc5 Bc6 22. Nd7 Bxd7 23. Rxd7 Nc7 24. h4 Nd5 25. h5 h6 26. Rd6 Qb7 27. c3 a5 28. Qd3 Rc8 29.
g4 b4 30. c4 Nf4 31. Qe4 Qxe4+ 32. Rxe4 Nd3 33. Rxd3 1-0

[Event "*** SCC Grand Prix: Titled Tuesday Blitz"]
[Site "Chess.com"]
[Date "2020.07.21"]
[Round "1"]
[White "DariaVoit"]
[Black "yuliagok"]
[Result "1-0"]
[WhiteElo "2514"]
[BlackElo "2089"]
[TimeControl "180+1"]
[EndTime "10:06:18 PDT"]
[Termination "DariaVoit won by resignation"]

1. d4 Nf6 2. Nf3 e6 3. c4 Bb4+ 4. Bd2 Be7 5. g3 b6 6. Bg2 Bb7 7. Nc3 d5 8. cxd5 exd5 9. O-O O-O 10. Rc1 Na6 11. a3 c5 12. dxc5 bxc5 13. Ne5 Qc8 14.
Bg5 d4 15. Na4 Bxg2 16. Kxg2 Qb7+ 17. Kg1 Qd5 18. Bxf6 Bxf6 19. Nc4 Rab8 20. Qc2 Rfd8 21. Rfd1 Qh5 22. Na5 Bg5 23. f4 Bf6 24. Nc6 d3 25. Rxd3 Rxd3 26. Qxd3 Re8 27. Qxa6 g5 28. Ne5 Bxe5 29.
fxe5 Rxe5 30. Nc3 g4 31. Rf1 Qg5 32. Qf6 Qe3+ 33. Qf2 Qxf2+ 34. Rxf2 f5 35. Rf4 Kf7 36. Kf2 Ke6 37. Ra4 1-0

[Event "*** SCC Grand Prix: Titled Tuesday Blitz"]
[Site "Chess.com"]
[Date "2020.07.21"]
[Round "1"]
[White "bratkoo"]
[Black "jamalm2"]
[Result "1-0"]
[WhiteElo "2475"]
[BlackElo "1862"]
[TimeControl "180+1"]
[EndTime "10:06:19 PDT"]
[Termination "bratkoo won on time"]

1. e4 c5 2. Nf3 e6 3. d4 cxd4 4. Nxd4 Nc6 5. Nc3 Qc7 6. a3 a6 7. Be3 Nf6 8. Bd3 b5 9. f4 Bb7 10. e5 Nxd4 11. Bxd4 Nd5 12. Nxd5 Bxd5 13. Qg4 g6 14.
O-O-O Bc5 15. Bc3 Rb8 16. f5 a5 17. fxg6 hxg6 18. Bxg6 fxg6 19. Qxg6+ Kd8 20. Qf6+ Kc8 21. Qxh8+ Kb7 22. Qh3 b4 23. axb4 axb4 24. Bd4 Bxd4 25. Rxd4 Qa5 26. Kd2 b3+ 27. Qc3 Qxc3+ 28. bxc3 1-0

[Event "*** SCC Grand Prix: Titled Tuesday Blitz"]
[Site "Chess.com"]
[Date "2020.07.21"]
[Round "1"]
[White "Duhless"]
[Black "KNCP_719"]
[Result "1-0"]
[WhiteElo "2956"]
[BlackElo "2449"]
[TimeControl "180+1"]
[EndTime "10:06:20 PDT"]
[Termination "Duhless won by resignation"]

1. e4 Nf6 2. e5 Nd5 3. Nc3 Nxc3 4. bxc3 d6 5. f4 g6 6. d4 Bg7 7. Nf3 O-O 8. Bd3 dxe5 9. fxe5 c5 10. Be3 Qa5 11.
O-O Nc6 12. Qe1 Bg4 13. Ng5 h6 14. Nxf7 Rxf7 15. Rxf7 Kxf7 16. Qg3 Bf5 17. Bxf5 gxf5 18. e6+ Kxe6 19. Qxg7 Qxc3 20. d5+ 1-0

[Event "*** SCC Grand Prix: Titled Tuesday Blitz"]
[Site "Chess.com"]
[Date "2020.07.21"]
[Round "1"]
[White "nrvignesh"]
[Black "MasterKroket"]
[Result "1-0"]
[WhiteElo "2792"]
[BlackElo "2400"]
[TimeControl "180+1"]
[EndTime "10:06:21 PDT"]
[Termination "nrvignesh won by resignation"]

1. Nf3 Nf6 2. g3 b6 3. Bg2 Bb7 4. O-O e6 5. c4 c5 6. b3 Be7 7. Bb2 O-O 8. e3 d5 9. Qe2 dxc4 10. bxc4 Nc6 11. Rd1 Qc7 12. Nc3 a6 13. d4 Na5 14. d5 exd5 15. cxd5 Bd6 16. e4 Rfe8 17. Nh4 b5 18. Rac1 b4 19. Na4 Nxd5 20. Nf5 Bf8 21. Qg4 Nc3 22. Nxc3 bxc3 23. Bxc3 g6 24. Rd7 Qb6 25. Bxa5 Qxa5 26. Rxb7 Qxa2 27. Ne3 Rad8 28. Nd5 Bg7 29. Qf3 Rf8 30. h4 c4 31. h5 Rb8 32. Rc7 Rb1 33. Rxc4 Rxc1+ 34. Rxc1 Rb8 35. hxg6 hxg6 36. Ne7+ Kh7 37. Bf1 a5 38. Kg2 a4 39.
Bc4 Qd2 40. Rh1+ 1-0

[Event "*** SCC Grand Prix: Titled Tuesday Blitz"]
[Site "Chess.com"]
[Date "2020.07.21"]
[Round "1"]
[White "maiconramazzotte99"]
[Black "Makswolf200817"]
[Result "0-1"]
[WhiteElo "1746"]
[BlackElo "2465"]
[TimeControl "180+1"]
[EndTime "10:06:21 PDT"]
[Termination "Makswolf200817 won on time"]

1. e3 d5 2. d4 Nf6 3. Nf3 Bf5 4. Be2 e6 5. c4 dxc4 6. Bxc4 a6 7. Nc3 c5 8. d5 b5 9. Bd3 Bxd3 10. Qxd3 exd5 11.
O-O Nc6 12. Rd1 Nb4 13. Qe2 Be7 14. a3 Nc6 15. e4 d4 16. Na2 O-O 17. e5 Nd5 18.
Qe4 Na5 19. Nxd4 Nb6 20. Be3 cxd4 21. Bxd4 Nb3 22. Rab1 Qd5 23. Qf4 Nxd4 24. Qxd4 Qxd4 25.
Rxd4 Rfd8 26. Rbd1 Rxd4 27. Rxd4 Rd8 28. Rxd8+ Bxd8 29. Nb4 a5 30. Nc6 Bc7 31. f4 Nc4 32.
Ne7+ Kf8 33. Nd5 Bd8 34. Nc3 b4 35. Nb5 Nxb2 36. axb4 axb4 37. Nd4 Bb6 0-1

[Event "*** SCC Grand Prix: Titled Tuesday Blitz"]
[Site "Chess.com"]
[Date "2020.07.21"]
[Round "1"]
[White "sergiochess83"]
[Black "crossingthestreet"]
[Result "1-0"]
[WhiteElo "2843"]
[BlackElo "2420"]
[TimeControl "180+1"]
[EndTime "10:06:22 PDT"]
[Termination "sergiochess83 won on time"]

1. e4 e6 2. d4 d5 3. Nc3 Nf6 4. e5 Nfd7 5. f4 c5 6. Nf3 Nc6 7. Be3 Be7 8. Qd2 O-O 9. dxc5 Qa5 10. a3 Nxc5 11. O-O-O a6 12. Qf2 Nd7 13. Nd4 Nxd4 14.
Bxd4 b5 15. Bd3 b4 16. axb4 Qxb4 17. f5 Rb8 18. f6 Bc5 19. Bxh7+ Kh8 20. Qh4 g5 21.
Qh6 Qxb2+ 22. Kd2 Rg8 23. Bxg8+ 1-0

[Event "*** SCC Grand Prix: Titled Tuesday Blitz"]
[Site "Chess.com"]
[Date "2020.07.21"]
[Round "1"]
[White "lacafi"]
[Black "Skatchkov_V"]
[Result "0-1"]
[WhiteElo "2232"]
[BlackElo "2584"]
[TimeControl "180+1"]
[EndTime "10:06:24 PDT"]
[Termination "Skatchkov_V won on time"]

1. d4 Nf6 2. Nf3 e6 3. e3 b6 4. Bd3 Bb7 5. Nbd2 d5 6. Qe2 Nbd7 7. O-O c5 8. c3 Bd6 9. e4 dxe4 10. Nxe4 Nxe4 11.
Bxe4 Qc7 12. h3 Nf6 13. Bxb7 Qxb7 14. Re1 O-O 15. Ne5 cxd4 16. cxd4 Bb4 17. Rd1 Rfd8 18. a3 Be7 19. Bg5 Nd5 20. Bxe7 Nxe7 21. Rac1 Rac8 22.
Rxc8 Rxc8 23. Qb5 Rd8 24. b4 h6 25. Nf3 Nf5 26. a4 Rd5 27. Qc4 a6 28. Kf1 b5 29.
axb5 axb5 30. Qc3 Rd6 31. Ne5 Rd8 32. g4 Qh1+ 33. Ke2 Qe4+ 34. Kf1 Nxd4 0-1

[Event "*** SCC Grand Prix: Titled Tuesday Blitz"]
[Site "Chess.com"]
[Date "2020.07.21"]
[Round "1"]
[White "icychess54"]
[Black "Arjun2002"]
[Result "0-1"]
[WhiteElo "2273"]
[BlackElo "2614"]
[TimeControl "180+1"]
[EndTime "10:06:25 PDT"]
[Termination "Arjun2002 won by resignation"]

1. c4 c6 2. Nf3 d5 3. e3 Nf6 4. Nc3 e6 5. Be2 Bd6 6. O-O O-O 7. b3 b6 8. Bb2 Bb7 9. d4 Nbd7 10. Bd3 e5 11. e4 dxc4 12. Bxc4 Qe7 13. Bd3 Rad8 14.
Qe2 Rfe8 15. dxe5 Nxe5 16. Nxe5 Bxe5 17. f3 c5 18. Bb5 Rf8 19. Ba6 Ba8 20. Rfd1 Rxd1+ 21. Rxd1 Rd8 22. Na4 Rxd1+ 23. Qxd1 Bc6 24. Bxe5 Qxe5 25.
Qd8+ Ne8 26. h4 g6 27. Qc8 Bxa4 28. bxa4 Kg7 29. Qd7 Nf6 30. Qxa7 Qd4+ 31. Kh1 Qxa4 32.
Qxb6 Qxa2 33. Bb5 c4 34. Qc7 Qb1+ 35. Kh2 Qxb5 0-1

[Event "*** SCC Grand Prix: Titled Tuesday Blitz"]
[Site "Chess.com"]
[Date "2020.07.21"]
[Round "1"]
[White "Anna_ChessMate"]
[Black "DonBroca"]
[Result "1-0"]
[WhiteElo "2508"]
[BlackElo "2078"]
[TimeControl "180+1"]
[EndTime "10:06:25 PDT"]
[Termination "Anna_ChessMate won by resignation"]

1. d4 Nf6 2. c4 g6 3. g3 Bg7 4.
Bg2 d6 5. Nc3 O-O 6. Nf3 Nc6 7.
O-O e5 8. d5 Ne7 9. e4 Ne8 10.
Ne1 f5 11. f3 Nf6 12. Nd3 Nh5 13. Be3 f4 14. gxf4 exf4 15. Bf2 g5 16. c5 Ng6 17.
Rc1 Bd7 18. Qb3 Rb8 19. cxd6 cxd6 20. Bxa7 Ra8 21. Bf2 Qc8 22. Nb5 Qb8 23. Nc7 Ra5 24. Qb6 Rxa2 25. Qxd6 Bc8 26. e5 Ne7 27. Qxe7 Rf7 28.
Qe8+ Rf8 29. Qxh5 1-0

[Event "*** SCC Grand Prix: Titled Tuesday Blitz"]
[Site "Chess.com"]
[Date "2020.07.21"]
[Round "1"]
[White "Susal_De_Silva"]
[Black "merei7"]
[Result "1-0"]
[WhiteElo "2308"]
[BlackElo "2613"]
[TimeControl "180+1"]
[EndTime "10:06:26 PDT"]
[Termination "Susal_De_Silva won by checkmate"]

1. e4 c5 2. Nf3 Nc6 3. Bb5 g6 4. Bxc6 dxc6 5. d3 Bg7 6. h3 e5 7. O-O Qd6 8. Nc3 Nf6 9. Be3 O-O 10. a4 Nd7 11. Nd2 b6 12. Nc4 Qe7 13.
f4 exf4 14. Bxf4 Ne5 15. Nxe5 Bxe5 16. Qd2 Bxf4 17. Qxf4 Be6 18. e5 Bd5 19. Rae1 Rae8 20. Re2 Qe6 21. Rfe1 b5 22. axb5 cxb5 23. Nxb5 c4 24.
d4 Qb6 25. Nc3 Bb7 26. Kh2 Qxb2 27. Qe3 a5 28. d5 Ba8 29. Qg3 a4 30. Ne4 Kg7 31.
Nf6 Re7 32. Qg5 Qb7 33. Ng4 Rfe8 34. Qf6+ Kg8 35. Nh6+ Kf8 36. Qh8# 1-0

[Event "*** SCC Grand Prix: Titled Tuesday Blitz"]
[Site "Chess.com"]
[Date "2020.07.21"]
[Round "1"]
[White "AlexTriapishko"]
[Black "The_Machine04"]
[Result "1-0"]
[WhiteElo "2628"]
[BlackElo "2289"]
[TimeControl "180+1"]
[EndTime "10:06:26 PDT"]
[Termination "AlexTriapishko won on time"]

1. d4 d6 2. Nf3 Nf6 3. g3 Nbd7 4. Bg2 e5 5. Nc3 e4 6. Ng5 d5 7. f3 exf3 8. exf3 Be7 9. O-O O-O 10. Nh3 c6 11.
Nf4 Bd6 12. Nd3 Re8 13. Re1 Nf8 14. Be3 Ne6 15. Bf2 Nd7 16. f4 g6 17. Ne5 Ng7 18. g4 f6 19. Nd3 Rxe1+ 20. Qxe1 Nb6 21. h3 Bd7 22. b3 Qe8 23. a4 Qxe1+ 24. Rxe1 Re8 25.
Rxe8+ Bxe8 26. Nc5 Bxc5 27. dxc5 Nd7 28. Nxd5 cxd5 29.
Bxd5+ Kf8 30. Bxb7 Ne6 31. b4 a5 32. c6 Nb8 33. b5 Ke7 34. Ba7 Nxc6 35. bxc6 Kd6 36. Bb8+ Kc5 37. f5 gxf5 38. gxf5 Nd8 39. c7 Nxb7 40.
c8=Q+ 1-0

[Event "*** SCC Grand Prix: Titled Tuesday Blitz"]
[Site "Chess.com"]
[Date "2020.07.21"]
[Round "1"]
[White "Walter_White_Poland"]
[Black "Sashadav97"]
[Result "0-1"]
[WhiteElo "2248"]
[BlackElo "2597"]
[TimeControl "180+1"]
[EndTime "10:06:26 PDT"]
[Termination "Sashadav97 won by checkmate"]

1. e4 c5 2. Nf3 Nc6 3. d4 cxd4 4. Nxd4 Nf6 5. Nc3 d6 6. Bg5 e6 7. Qd2 a6 8. O-O-O Bd7 9. f4 Be7 10. Nf3 b5 11. Bxf6 gxf6 12. f5 Qb6 13. Kb1 O-O-O 14.
g3 Kb8 15. fxe6 fxe6 16. Bh3 Na5 17. Ne2 d5 18. exd5 e5 19. Bxd7 Rxd7 20. Nc3 Nc4 21. Qe2 Rc8 22. Nh4 Nxb2 23. Kxb2 Ba3+ 24. Kxa3 b4+ 25.
Ka4 Rxc3 26. Qd3 Ra3+ 27. Qxa3 Qb5+ 28. Kb3 bxa3+ 29. Kxa3 Rb7 30. Rb1 Qa5# 0-1

[Event "*** SCC Grand Prix: Titled Tuesday Blitz"]
[Site "Chess.com"]
[Date "2020.07.21"]
[Round "1"]
[White "Twitch_ElhamBlitz05"]
[Black "pooh2012"]
[Result "1-0"]
[WhiteElo "2809"]
[BlackElo "2406"]
[TimeControl "180+1"]
[EndTime "10:06:27 PDT"]
[Termination "Twitch_ElhamBlitz05 won by checkmate"]

1. e4 c6 2. d4 d5 3. Nc3 dxe4 4. Nxe4 Nd7 5. Nf3 Ngf6 6. Bd3 Nxe4 7. Bxe4 Nf6 8. Bd3 Bg4 9. c3 e6 10. O-O Bd6 11.
h3 Bh5 12. Re1 Qc7 13. Bg5 Nd5 14. Be2 Nf4 15. Bxf4 Bxf4 16. Ne5 Bxe2 17. Qxe2 O-O 18.
Rad1 Rad8 19. Qg4 Bxe5 20. Rxe5 Rd5 21. Rde1 Rfd8 22. f4 c5 23. f5 Rxe5 24. Rxe5 exf5 25.
Qf4 Qb6 26. Rxc5 Qxb2 27. Qxf5 Qa1+ 28. Kh2 h6 29. Rc7 Qxa2 30. Rxb7 a5 31. Rc7 Qd5 32.
Qxd5 Rxd5 33. Ra7 Kf8 34. Kg3 Rb5 35. Kf4 Rb3 36. Rc7 a4 37. Ke4 a3 38. Kd3 Rb2 39. Ra7 a2 40. c4 Rxg2 41. c5 Ke8 42. c6 Kd8 43. d5 Kc8 44. d6 Rg6 45. Ra8# 1-0

[Event "*** SCC Grand Prix: Titled Tuesday Blitz"]
[Site "Chess.com"]
[Date "2020.07.21"]
[Round "1"]
[White "Shushik"]
[Black "SCIM"]
[Result "0-1"]
[WhiteElo "2203"]
[BlackElo "2570"]
[TimeControl "180+1"]
[EndTime "10:06:27 PDT"]
[Termination "SCIM won by resignation"]

1. e4 c5 2. Nf3 e6 3. d4 cxd4 4. Nxd4 Nc6 5. Nc3 Qc7 6. Be3 a6 7. Qf3 d6 8. O-O-O Bd7 9. Qg3 Rc8 10. f4 Nf6 11. Nxc6 Bxc6 12. e5 Ne4 13. Nxe4 Bxe4 14. c3 dxe5 15. fxe5 Bg6 16. h4 h5 17. Bd3 Ba3 18. Bd4 Bxd3 19. Qxd3 Be7 20. Rh3 Qc4 21.
Qxc4 Rxc4 22. Rhd3 O-O 23. g3 Rd8 24. Bf2 Rxd3 25.
Rxd3 b5 26. Rd7 Bc5 27. Bxc5 Rxc5 28. Ra7 Rxe5 29. Rxa6 g5 30. Rb6 gxh4 31. gxh4 f5 32. c4 bxc4 33. a4 f4 34. Rd6 f3 35. Rd1 f2 36.
Kd2 Rd5+ 0-1

[Event "*** SCC Grand Prix: Titled Tuesday Blitz"]
[Site "Chess.com"]
[Date "2020.07.21"]
[Round "1"]
[White "Julianos82"]
[Black "GMartin_Petrov"]
[Result "0-1"]
[WhiteElo "2262"]
[BlackElo "2609"]
[TimeControl "180+1"]
[EndTime "10:06:28 PDT"]
[Termination "GMartin_Petrov won by resignation"]

1. d4 Nf6 2. Nf3 d5 3. Bf4 e6 4. Nbd2 Bd6 5. e3 O-O 6. Bd3 c5 7. c3 b6 8. Ne5 Bb7 9. Qf3 Nc6 10.
Qh3 h6 11. g4 Bxe5 12. dxe5 Nd7 13. g5 Ncxe5 14. Bc2 d4 15. gxh6 g6 16. h7+ Kh8 17.
exd4 cxd4 18. cxd4 Bxh1 19. dxe5 Rc8 20. Rc1 Nc5 21. Kd1 Qd5 22. Qh4 Bf3+ 23. Ke1 Nd3+ 24. Kf1 Nxc1 25. Qf6+ Kxh7 26. Qh4+ Kg8 27. Bxg6 fxg6 28.
Qh6 Qd3+ 29. Kg1 Ne2+ 0-1